 Dungeon Crawl Stone Soup version 0.29-a0-1052-g6990b1bffc (webtiles) character file.

Game seed: 2457090054564776299

7 Zonian the Chiller (level 2, 0/13 HPs)
             Began as a Vine Stalker Ice Elementalist on Aug 18, 2022.
             Slain by a hobgoblin (5 damage)
             ... on level 1 of the Dungeon.
             The game lasted 00:00:33 (363 turns).

Zonian the Chiller (Vine Stalker Ice Elementalist)   Turns: 363, Time: 00:00:34

Health: 0/13       AC:  2    Str: 10    XL:     2   Next: 0%
Magic:  0/6        EV: 12    Int: 15    God:
Gold:   22         SH:  0    Dex: 14    Spells: 4/5 levels left

rFire   . . .      SeeInvis .   c - +0 short sword (speed)
rCold   . . .      Faith    .   (no shield)
rNeg    . . .      Spirit   +   a - +0 robe
rPois   .          Reflect  .   (no helmet)
rElec   .          Harm     .   (no cloak)
rCorr   .          Rampage  .   (no gloves)
Will    .....                   (no boots)
Stlth   ++........              (no amulet)
HPRegen 0.04/turn               (no ring)
MPRegen 0.10/turn               (no ring)

@: no status effects
A: fangs 2, magic shield, antimagic bite, no potion heal 2
a: no special abilities


You were on level 1 of the Dungeon.
You visited 1 branch of the dungeon, and saw 1 of its levels.

You collected 22 gold pieces.

Inventory:

Hand Weapons
 c - a +0 short sword of speed (weapon)
Armour
 a - a +0 robe (worn)
Potions
 b - a potion of magic


   Skills:
 + Level 1.7 Dodging
 + Level 2.6 Stealth
 + Level 2.3 Spellcasting
 + Level 4.1 Ice Magic


You had 4 spell levels left.
You knew the following spells:

 Your Spells              Type           Power      Damage    Failure   Level
a - Freeze                Ice            56%        1d7       4%          1

Your spell library contained the following spells:

 Spells                   Type           Power      Damage    Failure   Level
 Frozen Ramparts          Ice            28%        1d5       12%         3
 Ozocubu's Armour         Ice            14%        N/A       12%         3
 Hailstorm                Conj/Ice       7%         3d4       67%         4


Dungeon Overview and Level Annotations

Branches:
Dungeon (1/15)

Altars:


Innate Abilities, Weirdness & Mutations

You have extremely sharp teeth.
When hurt, damage is shared between your health and your magic reserves.
Your bite disrupts and absorbs the magic of your enemies.
Potions cannot restore your health.


Message History

A rat comes into view.
You see here a +0 mace.
The kobold throws a stone.
The stone hits you.
Found a plate armour.
Found a stone staircase leading down.
A quokka comes into view.
The kobold closely misses you.
You hit the kobold but do no damage. You closely miss the kobold.
You bite the kobold, but do no damage.
A hobgoblin comes into view.
The kobold hits you but does no damage.
You barely miss the kobold. You bite the kobold, but do no damage.
The kobold hits you with a +0 short sword.
The rat bites you.
You hit the kobold. You bite the kobold. You drain its power.
You feel invigorated.
The kobold is severely wounded.
The kobold hits you with a +0 short sword.
The rat bites you.
Unknown command.
You barely miss the kobold. Your bite misses the kobold.
The kobold is severely wounded.
Unknown command.
Casting: Freeze (safe; 4% risk of failure)
Confirm with . or Enter, or press ? or * to list all spells.
Aiming: Freeze (safe; 4% risk of failure)
Press: ? - help, Shift-Dir - straight line, f - kobold
Aim: a kobold, wielding a +0 short sword and quivering stones (severely wounded)
You freeze the kobold.
You kill the kobold!
A giant cockroach comes into view.
The rat bites you. The quokka misses you.
You have reached level 2!
You hit the quokka but do no damage. Your bite misses the quokka.
The hobgoblin barely misses you. The rat closely misses you.
The quokka closely misses you.
Unknown command.
You hit the quokka but do no damage. You bite the quokka.
You kill the quokka!
The hobgoblin hits you.
You die...

#.# . #.# .. #.### .>.
.... ....
....#######.# #.....
............# #.....
.[##.B......#####.....
......)@g.).'........
#####.r.....#........
..$.[#+#####...#.#+#+#
......
+#####[..#.#+#.# .....
.........#.....#.
.....
....#....#(#..... ###.
... ##.....#..### #. .
#.....#)##
#.....#..###


You could see a giant cockroach, a hobgoblin and a rat.

Vanquished Creatures
  A ball python (D:1)
  An endoplasm (D:1)
  A jackal (D:1)
  A quokka (D:1)
  2 kobolds (D:1)
  A rat (D:1)
7 creatures vanquished.

Notes
Turn   | Place    | Note
-------+----------+-------------------------------------------
     0 | D:1      | Zonian the Vine Stalker Ice Elementalist began the quest
                  | for the Orb.
     0 | D:1      | Reached XP level 1. HP: 9/9 MP: 4/4
   362 | D:1      | Reached XP level 2. HP: 5/13 MP: 0/6
   363 | D:1      | Slain by a hobgoblin

Illustrated notes

Levels and vault maps discovered:
D:1:      reono_arrival_forest_river, layout_basic, minmay_tetromino_i2

Action                   || total
-------------------------++-------
Melee: Short sword       ||    16
       Bite              ||     5
 Cast: Freeze            ||     3
Armor: Robe              ||     1
Dodge: Dodged            ||     9

Table legend: (Time is in decaauts)
 A = Elapsed time spent in this place.
 B = Non-inter-level travel time spent in this place.
 C = Inter-level travel time spent in this place.
 D = Time resting spent in this place.
 E = Time spent auto-exploring this place.
 F = Levels seen in this place.
 G = Mean time per level.
                   A        B        C        D        E       F      G
               +--------+--------+--------+--------+--------+-----+--------+
         Total |    361 |    361 |      0 |    300 |     26 |   1 |  361.0 |
       Dungeon |    361 |    361 |      0 |    300 |     26 |   1 |  361.0 |
               +--------+--------+--------+--------+--------+-----+--------+

Top non-repeatable levels by time:
     D:1: 361 daAuts
